TOP OF THE 1ST |
---|
Nevada Noise batting - Pitching for Irvine Gang Green : RHP Alfredo Montalvo | Pitching: RHP Alfredo Montalvo | | Batting: RHB Pedro Rosado | 0-0: Ball 1-0: Foul Ball, location: 2F 1-1: Swinging Strike 1-2: Fly out, F4 (Popup, 4MD) | Batting: SHB Víctor Serrano | 0-0: Ball 1-0: Swinging Strike 1-1: Swinging Strike 1-2: Strikes out looking | Batting: LHB Santiago Márquez | 0-0: Ball 1-0: Fly out, F8 (Flyball, 8RXD) | Top of the 1st over - 0 runs, 0 hits, 0 errors, 0 left on base; Nevada 0 - Irvine 0 | BOTTOM OF THE 1ST |
---|
Irvine Gang Green batting - Pitching for Nevada Noise : RHP Isaac Pope | Pitching: RHP Isaac Pope | | Batting: RHB Tyler Wagner | 0-0: Ground out 1-3 (Groundball, 13) | Batting: LHB José Sánchez | 0-0: Ground out U3 (Groundball, 34) | Batting: RHB Buck Jones | 0-0: Ball 1-0: Ground out 6-3 (Groundball, 6) | Bottom of the 1st over - 0 runs, 0 hits, 0 errors, 0 left on base; Nevada 0 - Irvine 0 | TOP OF THE 2ND |
---|
Nevada Noise batting - Pitching for Irvine Gang Green : RHP Alfredo Montalvo | Batting: RHB Luis Cruz | 0-0: Swinging Strike 0-1: Ball 1-1: Ball 2-1: SINGLE (Flyball, 8RS) | Batting: LHB Pablo Reyes | 0-0: Ball 1-0: Called Strike 1-1: Ball 2-1: Foul Ball, location: 2F 2-2: Grounds into double play, 5-4-3 (Groundball, 56) | Batting: RHB Rich Ruffin | 0-0: Called Strike 0-1: Ball 1-1: Called Strike 1-2: Ball 2-2: Ground out 6-3 (Groundball, 6) | Top of the 2nd over - 0 runs, 1 hit, 0 errors, 0 left on base; Nevada 0 - Irvine 0 | BOTTOM OF THE 2ND |
---|
Irvine Gang Green batting - Pitching for Nevada Noise : RHP Isaac Pope | Batting: LHB Víctor Quiñones | 0-0: Foul Ball, location: 2F 0-1: Ball 1-1: Foul Ball, location: 2F 1-2: Foul Ball, location: 2F 1-2: Foul Ball, location: 2F 1-2: Ball 2-2: Fly out, F9 (Flyball, 9S) | Batting: RHB José Salazar | 0-0: Called Strike 0-1: DOUBLE (Line Drive, 89D) | Pinch Runner at 2nd Don Hooper: | | Batting: LHB Frank Geddes | 0-0: Called Strike 0-1: Ball 1-1: Foul Ball, location: 2F 1-2: Strikes out swinging | Batting: LHB Dave Gordon | 0-0: Ball 1-0: Ground out 4-3 (Groundball, 4) | Bottom of the 2nd over - 0 runs, 1 hit, 0 errors, 1 left on base; Nevada 0 - Irvine 0 | TOP OF THE 3RD |
---|
Nevada Noise batting - Pitching for Irvine Gang Green : RHP Alfredo Montalvo | Now at 3B: Don Hooper | | Batting: LHB Milton Watson | 0-0: Ball 1-0: Ball 2-0: Ball 3-0: Foul Ball, location: 2F 3-1: Called Strike 3-2: Ground out 6-3 (Groundball, 56) | Batting: RHB Fernando Gálvez | 0-0: Called Strike 0-1: Foul Ball, location: 2F 0-2: Ground out 5-3 (Groundball, 56S) | Batting: RHB Bill Mark | 0-0: TRIPLE (Line Drive, 9LD) | Batting: RHB Pedro Rosado | 0-0: Ball 1-0: Ball 2-0: Foul Ball, location: 2F 2-1: Ball 3-1: Called Strike 3-2: TRIPLE (Line Drive, 8LXD) Bill Mark scores | Batting: SHB Víctor Serrano | 0-0: Called Strike 0-1: Swinging Strike 0-2: Ball 1-2: Foul Ball, location: 2F 1-2: Foul Ball, location: 2F 1-2: Foul Ball, location: 2F 1-2: Foul Ball, location: 2F 1-2: Strikes out swinging | Top of the 3rd over - 1 run, 2 hits, 0 errors, 1 left on base; Nevada 1 - Irvine 0 | BOTTOM OF THE 3RD |
---|
Irvine Gang Green batting - Pitching for Nevada Noise : RHP Isaac Pope | Batting: RHB Ronnie Brown | 0-0: Called Strike 0-1: DOUBLE (Line Drive, 7LM) | Batting: LHB António Camacho | 0-0: Called Strike 0-1: Fly out, F8 (Flyball, 8LS) | Batting: RHB Tyler Wagner | 0-0: Called Strike 0-1: TRIPLE (Line Drive, 8LXD) Ronnie Brown scores | Batting: LHB José Sánchez | 0-0: Ground out U3 (Groundball, 34) Tyler Wagner scores | Batting: RHB Buck Jones | 0-0: Ball 1-0: Ball 2-0: Ball 3-0: Called Strike 3-1: Fly out, F9 (Flyball, 9D) | Bottom of the 3rd over - 2 runs, 2 hits, 0 errors, 0 left on base; Nevada 1 - Irvine 2 | TOP OF THE 4TH |
---|
Nevada Noise batting - Pitching for Irvine Gang Green : RHP Alfredo Montalvo | Batting: LHB Santiago Márquez | 0-0: Ball 1-0: Foul Ball, location: 2F 1-1: Foul Ball, location: 2F 1-2: Ball 2-2: Fly out, F7 (Flyball, 7D) | Batting: RHB Luis Cruz | 0-0: Swinging Strike 0-1: Foul Ball, location: 2F 0-2: Foul Ball, location: 2F 0-2: Hit by Pitch | Batting: LHB Pablo Reyes | 0-0: Ball 1-0: Ball 2-0: Called Strike 2-1: Called Strike 2-2: Foul Ball, location: 2F 2-2: Ball 3-2: Foul Ball, location: 2F 3-2: Fielders Choice at 2nd, 4-6 (Groundball, 34) | Batting: RHB Rich Ruffin | 0-0: Ball 1-0: Foul Ball, location: 2F 1-1: Swinging Strike 1-2: Ball 2-2: Foul Ball, location: 2F 2-2: Foul Ball, location: 2F 2-2: Foul Ball, location: 2F 2-2: Ball 3-2: Foul Ball, location: 2F 3-2: SINGLE (Groundball, 4MD) Pablo Reyes to second Pablo Reyes to third | Batting: LHB Milton Watson | 0-0: Ground out 4-3 (Groundball, 34) | Top of the 4th over - 0 runs, 1 hit, 0 errors, 2 left on base; Nevada 1 - Irvine 2 | BOTTOM OF THE 4TH |
---|
Irvine Gang Green batting - Pitching for Nevada Noise : RHP Isaac Pope | Batting: LHB Víctor Quiñones | 0-0: SOLO HOME RUN (Flyball, 9D), Distance : 410 ft | Batting: RHB Don Hooper | 0-0: Called Strike 0-1: Called Strike 0-2: Ground out 5-3 (Groundball, 56S) | Batting: LHB Frank Geddes | 0-0: Called Strike 0-1: Swinging Strike 0-2: Ball 1-2: Ball 2-2: Foul Ball, location: 2F 2-2: Ball 3-2: Strikes out swinging | Batting: LHB Dave Gordon | 0-0: Called Strike 0-1: Ball 1-1: Foul Ball, location: 2F 1-2: Ball 2-2: Foul Ball, location: 2F 2-2: SOLO HOME RUN (Flyball, 9LD), Distance : 393 ft | Batting: RHB Ronnie Brown | 0-0: Called Strike 0-1: Ball 1-1: Called Strike 1-2: Strikes out swinging | Bottom of the 4th over - 2 runs, 2 hits, 0 errors, 0 left on base; Nevada 1 - Irvine 4 | TOP OF THE 5TH |
---|
Nevada Noise batting - Pitching for Irvine Gang Green : RHP Alfredo Montalvo | Batting: RHB Fernando Gálvez | 0-0: Swinging Strike 0-1: Fly out, F8 (Flyball, 8LM) | Batting: RHB Bill Mark | 0-0: Ground out 6-3 (Groundball, 6) | Batting: RHB Pedro Rosado | 0-0: Ground out 6-3 (Groundball, 6D) | Top of the 5th over - 0 runs, 0 hits, 0 errors, 0 left on base; Nevada 1 - Irvine 4 | BOTTOM OF THE 5TH |
---|
Irvine Gang Green batting - Pitching for Nevada Noise : RHP Isaac Pope | Batting: LHB António Camacho | 0-0: Foul Ball, location: 2F 0-1: Ball 1-1: DOUBLE (Groundball, 3L) | Batting: RHB Tyler Wagner | 0-0: Ball 1-0: Called Strike 1-1: Foul Ball, location: 2F 1-2: Foul Ball, location: 2F 1-2: Foul Ball, location: 2F 1-2: Strikes out swinging | Batting: LHB José Sánchez | 0-0: Ground out U3 (Groundball, 2R) António Camacho to third | Batting: RHB Buck Jones | 0-0: Called Strike 0-1: Ball 1-1: Foul Ball, location: 2F 1-2: Foul Ball, location: 2F 1-2: Ball 2-2: Foul Ball, location: 2F 2-2: SINGLE (Groundball, 56D) António Camacho scores | Batting: LHB Víctor Quiñones | 0-0: Ball 1-0: Ball 2-0: Called Strike 2-1: Ground out U3 (Groundball, 3) | Bottom of the 5th over - 1 run, 2 hits, 0 errors, 1 left on base; Nevada 1 - Irvine 5 | TOP OF THE 6TH |
---|
Nevada Noise batting - Pitching for Irvine Gang Green : RHP Alfredo Montalvo | Batting: SHB Víctor Serrano | 0-0: Ball 1-0: SOLO HOME RUN (Flyball, 78XD) (Inside the Park) | Batting: LHB Santiago Márquez | 0-0: Ball 1-0: SINGLE (Groundball, 4MD) | Batting: RHB Luis Cruz | 0-0: Ball 1-0: Swinging Strike 1-1: Ground out 5-3 (Groundball, 56S) Santiago Márquez to second | Batting: LHB Pablo Reyes | 0-0: Ball 1-0: DOUBLE (Flyball, 8LXD) Santiago Márquez scores | Batting: RHB Rich Ruffin | 0-0: Called Strike 0-1: Ball 1-1: Called Strike 1-2: Ball 2-2: Foul Ball, location: 2F 2-2: Ball 3-2: Base on Balls | Batting: LHB Milton Watson | 0-0: Ball 1-0: Called Strike 1-1: Ball Rich Ruffin steals 2nd base Pablo Reyes to third 2-1: Ball 3-1: Called Strike 3-2: Fly out, F7 (Flyball, 78M) Runner from 3rd tags up, OUT at HOME | Top of the 6th over - 2 runs, 3 hits, 0 errors, 1 left on base; Nevada 3 - Irvine 5 | BOTTOM OF THE 6TH |
---|
Irvine Gang Green batting - Pitching for Nevada Noise : RHP Isaac Pope | Pitching: RHP Luis Cortéz | | Batting: RHB Don Hooper | 0-0: Ball 1-0: Ball 2-0: Ball 3-0: Foul Ball, location: 2F 3-1: DOUBLE (Flyball, 8RXD) | Batting: LHB Frank Geddes | 0-0: Ground out 3-1 (Groundball, 34) Don Hooper to third | Batting: LHB Dave Gordon | 0-0: Foul Ball, location: 2F 0-1: Ball 1-1: Ball 2-1: Ground out 5-3 (Groundball, 56) Don Hooper scores | Batting: RHB Ronnie Brown | 0-0: Called Strike 0-1: Ball 1-1: Ball 2-1: Ball 3-1: SINGLE (Groundball, 6MD) | Batting: LHB António Camacho | 0-0: Fly out, F8 (Flyball, 8RD) | Bottom of the 6th over - 1 run, 2 hits, 0 errors, 1 left on base; Nevada 3 - Irvine 6 | TOP OF THE 7TH |
---|
Nevada Noise batting - Pitching for Irvine Gang Green : RHP Alfredo Montalvo | Pitching: RHP Brandon Williams | | Batting: RHB Fernando Gálvez | 0-0: Fly out, F9 (Line Drive, 89M) | Batting: RHB Bill Mark | 0-0: Reached on error, E5 (Groundball, 56) | Batting: RHB Pedro Rosado | 0-0: Ball 1-0: Ball 2-0: Called Strike 2-1: SINGLE (Groundball, 6D) Bill Mark to second | Batting: SHB Víctor Serrano | 0-0: Foul Ball, location: 2F 0-1: Ball 1-1: Ball 2-1: Foul Ball, location: 2F 2-2: Foul Ball, location: 2F 2-2: SINGLE (Line Drive, 4D) Bill Mark to third Pedro Rosado to second | Pitching: LHP Yu-shu Kong | | Batting: LHB Santiago Márquez | 0-0: Ball 1-0: Ball 2-0: Ball 3-0: Called Strike 3-1: Called Strike 3-2: Base on Balls Bill Mark scores Pedro Rosado to third Víctor Serrano to second | Pitching: RHP Jun Kawashima | | Batting: RHB Luis Cruz | 0-0: Ball 1-0: Foul Ball, location: 2F 1-1: Ball 2-1: Ball 3-1: Foul Ball, location: 2F 3-2: Fly out, F6 (Popup, 56) | Batting: LHB Pablo Reyes | 0-0: Swinging Strike 0-1: Called Strike 0-2: Foul Ball, location: 2F 0-2: DOUBLE (Flyball, 78XD) Pedro Rosado scores Víctor Serrano scores Santiago Márquez to third | Batting: RHB Rich Ruffin | 0-0: Ball 1-0: Ball 2-0: Ball 3-0: Foul Ball, location: 2F 3-1: Called Strike 3-2: Fly out, F6 (Popup, 4MS) | Top of the 7th over - 3 runs, 3 hits, 1 error, 2 left on base; Nevada 6 - Irvine 6 | BOTTOM OF THE 7TH |
---|
Irvine Gang Green batting - Pitching for Nevada Noise : RHP Luis Cortéz | Batting: RHB Tyler Wagner | 0-0: Ball 1-0: Ball 2-0: Ball 3-0: Called Strike 3-1: Called Strike 3-2: Foul Ball, location: 2F 3-2: Base on Balls | Pitching: LHP Yoshihiro Hasegawa | | Batting: LHB José Sánchez | 0-0: Ball 1-0: Foul Ball, location: 2F 1-1: Ball 2-1: SINGLE (Line Drive, 8RS) Tyler Wagner to second | Pitching: RHP Manuel González | | Batting: RHB Buck Jones | 0-0: Ball 1-0: Called Strike 1-1: Foul Ball, location: 2F 1-2: Ball 2-2: Fielders Choice at 2nd, 5-4 (Groundball, 5) Tyler Wagner to third | Batting: LHB Víctor Quiñones | 0-0: Ball 1-0: SINGLE (Flyball, 9LS) Tyler Wagner scores Buck Jones to second Runner from 2nd tries for 3rd, SAFE, throw made to third | Pinch Hitting: LHB Leonardo Medina | 0-0: Foul Ball, location: 2F 0-1: Ground out U3 (Groundball, 34) Víctor Quiñones to second | Batting: LHB Frank Geddes | 0-0: Ball 1-0: Swinging Strike 1-1: Swinging Strike 1-2: Ball 2-2: Strikes out swinging | Bottom of the 7th over - 1 run, 2 hits, 0 errors, 2 left on base; Nevada 6 - Irvine 7 | TOP OF THE 8TH |
---|
Nevada Noise batting - Pitching for Irvine Gang Green : RHP Jun Kawashima | Pitching: RHP Raúl Saltines | | Now at 3B: Carlos Córdova | | Batting: LHB Milton Watson | 0-0: Ball 1-0: Called Strike 1-1: Ball 2-1: Swinging Strike 2-2: Foul Ball, location: 2F 2-2: Strikes out swinging | Batting: RHB Fernando Gálvez | 0-0: Foul Ball, location: 2F 0-1: Swinging Strike 0-2: Ball 1-2: Strikes out swinging | Batting: RHB Bill Mark | 0-0: Foul Ball, location: 2F 0-1: Ball 1-1: Ball 2-1: Swinging Strike 2-2: Strikes out swinging | Top of the 8th over - 0 runs, 0 hits, 0 errors, 0 left on base; Nevada 6 - Irvine 7 | BOTTOM OF THE 8TH |
---|
Irvine Gang Green batting - Pitching for Nevada Noise : RHP Manuel González | Batting: LHB Dave Gordon | 0-0: Foul Ball, location: 2F 0-1: Foul Ball, location: 2F 0-2: SINGLE (Groundball, 13S) (infield hit) | Batting: RHB Ronnie Brown | 0-0: Swinging Strike 0-1: Ball 1-1: Ball 2-1: Ball 3-1: Called Strike 3-2: Foul Ball, location: 2F 3-2: Base on Balls Dave Gordon to second | Batting: LHB António Camacho | 0-0: Sac Bunt - play at third, runner OUT! 1-6 Ronnie Brown to second | Batting: RHB Tyler Wagner | 0-0: Ball 1-0: Fly out, F9 (Flyball, 9) | Batting: LHB José Sánchez | 0-0: Ball 1-0: Ball 2-0: Called Strike 2-1: Ball 3-1: Called Strike 3-2: Foul Ball, location: 2F 3-2: Base on Balls Ronnie Brown to third António Camacho to second | Batting: RHB Buck Jones | 0-0: Called Strike 0-1: Ground out 6-3 (Groundball, 6M) | Bottom of the 8th over - 0 runs, 1 hit, 0 errors, 3 left on base; Nevada 6 - Irvine 7 | TOP OF THE 9TH |
---|
Nevada Noise batting - Pitching for Irvine Gang Green : RHP Raúl Saltines | Batting: RHB Pedro Rosado | 0-0: Ball 1-0: Called Strike 1-1: Ground out 5-3 (Groundball, 5L) | Batting: SHB Víctor Serrano | 0-0: Foul Ball, location: 2F 0-1: Foul Ball, location: 2F 0-2: Strikes out swinging | Batting: LHB Santiago Márquez | 0-0: Ball 1-0: Ball 2-0: Ball 3-0: Called Strike 3-1: Foul Ball, location: 2F 3-2: Strikes out looking | Top of the 9th over - 0 runs, 0 hits, 0 errors, 0 left on base; Nevada 6 - Irvine 7 | |